 Dungeon Crawl Stone Soup version 0.21.1-1-g345015f (webtiles) character file.

29 Iko the Charmwright (level 3, -9/31 HPs)
             Began as a Gnoll Skald on July 12, 2018.
             Killed from afar by lotte's ghost (12 damage)
             ... with a blast of sand
             ... on level 3 of the Dungeon.
             The game lasted 00:04:24 (322 turns).

Iko the Charmwright (Gnoll Skald)                    Turns: 322, Time: 00:04:24

Health: -9/31      AC:  3    Str: 14    XL:     3   Next: 16%
Magic:  0/9        EV: 14    Int: 15    God:
Gold:   14         SH:  0    Dex: 14    Spells: 6/12 levels left

rFire    . . .     SeeInvis .   a - +1 spear
rCold    . . .     Gourm    .   (no shield)
rNeg     . . .     Faith    .   b - +0 leather armour
rPois    +         Spirit   .   (no helmet)
rElec    .         Reflect  .   (no cloak)
rCorr    .         Harm     .   (no gloves)
MR       .....                  (no boots)
Stlth    +.........             (no amulet)
HPRegen  1.10/turn              g - ring of poison resistance
MPRegen  0.11/turn              (no ring)

@: infused, very slightly contaminated, regenerating
A: distributed training, fangs 1, strong nose
a: no special abilities


You were on level 3 of the Dungeon.
You were not hungry.

You visited 1 branch of the dungeon, and saw 3 of its levels.

You collected 14 gold pieces.

Inventory:

Hand Weapons
 a - a +1 spear (weapon)
Armour
 b - a +0 leather armour (worn)
Jewellery
 g - a ring of poison resistance (left hand)
Scrolls
 e - a scroll of fear
 f - a scroll of remove curse
Books
 c - a book of Battle

   Spells                             Type                      Level
   a - Infusion                       Charms                       1
   b - Shroud of Golubria             Charms/Translocation         2
   c - Song of Slaying                Charms                       2
   d - Spectral Weapon                Hexes/Charms                 3
   e - Regeneration                   Charms/Necromancy            3
Comestibles
 d - 2 rations


   Skills:
 + Level 4.5 Fighting
 + Level 0.6 Short Blades
 + Level 0.6 Long Blades
 + Level 0.6 Axes
 + Level 0.6 Maces & Flails
 + Level 4.5 Polearms
 + Level 0.6 Staves
 + Level 0.6 Slings
 + Level 0.6 Bows
 + Level 0.6 Crossbows
 + Level 0.6 Throwing
 + Level 2.5 Armour
 + Level 4.5 Dodging
 + Level 0.6 Stealth
 + Level 0.6 Shields
 + Level 0.6 Unarmed Combat
 + Level 5.0 Spellcasting
 + Level 0.4 Conjurations
 + Level 0.4 Hexes
 + Level 5.4 Charms
 + Level 0.4 Summonings
 + Level 0.4 Necromancy
 + Level 0.4 Translocations
 + Level 0.4 Transmutations
 + Level 0.4 Fire Magic
 + Level 0.4 Ice Magic
 + Level 0.4 Air Magic
 + Level 0.4 Earth Magic
 + Level 0.4 Poison Magic
 + Level 0.8 Invocations
 + Level 0.6 Evocations


You had 6 spell levels left.
You knew the following spells:

 Your Spells              Type           Power        Failure   Level  Hunger
a - Infusion              Chrm           ###.         2%          1    None
b - Song of Slaying       Chrm           ###.....     3%          2    ##.....
c - Regeneration          Chrm/Necr      ##........   19%         3    ###....


Dungeon Overview and Level Annotations

Branches:
Dungeon (3/15)

Altars:

Annotations:
D:3 lotte's ghost, amateur DEEE


Innate Abilities, Weirdness & Mutations

Your experience applies equally to all skills.
You have very sharp teeth.
Your uncanny sense of smell can sniff out nearby items.


Message History

* * * LOW HITPOINT WARNING * * *
You closely miss lotte's ghost.
Lotte's ghost is moderately damaged.
Lotte's ghost hits you.
* * * LOW HITPOINT WARNING * * *
You hit lotte's ghost.
Lotte's ghost is heavily damaged.
Lotte's ghost barely misses you.
You barely miss lotte's ghost.
Lotte's ghost is heavily damaged.
Casting: Infusion
Confirm with . or Enter, or press ? or * to list all spells.
You extend your infusion's duration.
Lotte's ghost hits you.
* * * LOW HITPOINT WARNING * * *
You hit lotte's ghost.
You bite lotte's ghost, but do no damage.
Lotte's ghost is severely damaged.
Lotte's ghost casts a spell at you. The blast of sand hits you!
You die...

. .........................
#.###.##...................
#.###.##..........((.......
#..........................
........###.......#####....
............####.######....
................o....... .
...........#####W#######
.........#..# #@#
<........##... #.#
#.......## ###....
.........# ###.. .†.......#
... .........# ####
..(......# .........#
#.......##


You could see lotte's ghost and an orc.

Vanquished Creatures
  An adder (D:2)
  An ooze (D:1)
  A leopard gecko (D:3)
  2 bats
  3 goblins
  A hobgoblin (D:1)
  2 frilled lizards
  2 kobolds
  3 rats
16 creatures vanquished.

Notes
Turn   | Place    | Note
-------+----------+-------------------------------------------
     0 | D:1      | Iko the Gnoll Skald began the quest for the Orb.
     0 | D:1      | Reached XP level 1. HP: 20/20 MP: 6/6
   115 | D:1      | Reached XP level 2. HP: 20/26 MP: 7/7
   192 | D:2      | Learned a level 2 spell: Song of Slaying
   213 | D:3      | Reached XP level 3. HP: 16/31 MP: 9/9
   243 | D:3      | Learned a level 3 spell: Regeneration
   286 | D:3      | Noticed lotte's ghost (amateur DEEE)
   303 | D:3      | Reached skill level 5 in Spellcasting
   318 | D:3      | HP: 1/31 [lotte's ghost (3)]
   322 | D:3      | Killed from afar by lotte's ghost

Skill      XL: |  1  2  3 |
---------------+----------+-----
Spellcasting   | 5 |  5.0
Fighting       | |  4.5
Short Blades   | |  0.6
Long Blades    | |  0.6
Axes           | |  0.6
Maces & Flails | |  0.6
Polearms       | |  4.5
Staves         | |  0.6
Slings         | |  0.6
Bows           | |  0.6
Crossbows      | |  0.6
Throwing       | |  0.6
Armour         | |  2.5
Dodging        | |  4.5
Stealth        | |  0.6
Shields        | |  0.6
Unarmed Combat | |  0.6
Conjurations   | |  0.4
Hexes          | |  0.4
Charms         | |  5.4
Summonings     | |  0.4
Necromancy     | |  0.4
Translocations | |  0.4
Transmutations | |  0.4
Fire Magic     | |  0.4
Ice Magic      | |  0.4
Air Magic      | |  0.4
Earth Magic    | |  0.4
Poison Magic   | |  0.4
Invocations    | |  0.8
Evocations     | |  0.6

Action                   || total
-------------------------++-------
Melee: Spear             ||    63
       Bite              ||     5
 Cast: Infusion          ||     4
       Regeneration      ||     2
  Use: Scroll            ||     3
       Potion            ||     2
Armor: Leather armour    ||    18
Dodge: Dodged            ||    72
